 Dungeon Crawl Stone Soup version 0.28-a0-1130-gc51a68064b (webtiles) character file.

Game seed: 5077188404485935948

247 timneilson the Sneak (level 5, -6/37 HPs)
             Began as a Vampire Earth Elementalist on Dec 12, 2021.
             Mangled by an orc (13 damage)
             ... on level 4 of the Dungeon.
             The game lasted 00:10:08 (2382 turns).

timneilson the Sneak (Vampire Earth Elementalist)   Turns: 2382, Time: 00:10:08

Health: -6/37      AC:  3    Str:  7    XL:     5   Next: 85%
Magic:  9/9        EV: 14    Int: 19    God:
Gold:   111        SH:  0    Dex: 21    Spells: 5/9 levels left

rFire   . . .      SeeInvis +   g - +2 dagger (drain)
rCold   . . .      Faith    .   (no shield)
rNeg    . . .      Spirit   .   b - +1 robe
rPois   .          Reflect  .   (no helmet)
rElec   .          Harm     .   (no cloak)
rCorr   .          Rampage  .   (no gloves)
Will    .....                   (no boots)
Stlth   +++.......              i - amulet of magic regeneration
HPRegen 0.32/turn               j - +6 ring of dexterity
MPRegen 0.51/turn               (no ring)

@: healing quickly
A: alive, fangs 3, see invisible, vampiric 2
a: Exsanguinate


You were on level 4 of the Dungeon.
You visited 1 branch of the dungeon, and saw 4 of its levels.

You collected 111 gold pieces.

Inventory:

Hand Weapons
 g - a +2 dagger of draining (weapon)
Missiles
 c - 21 stones
Armour
 b - a +1 robe (worn)
Jewellery
 d - a ring of ice
 i - an amulet of magic regeneration (around neck)
 j - a +6 ring of dexterity (left hand)
Wands
 f - a wand of paralysis (6)
Potions
 a - a potion of ambrosia {unknown}
 e - a potion of haste
 h - a potion of mutation
 l - a potion of resistance {unknown}


   Skills:
 + Level 1.1 Fighting
 * Level 3.5 Dodging
 + Level 4.2 Stealth
 * Level 2.9 Spellcasting
 + Level 0.6 Conjurations
 + Level 2.4 Transmutations
 * Level 4.0 Earth Magic
 + Level 0.7 Evocations


You had 5 spell levels left.
You knew the following spells:

 Your Spells              Type           Power      Damage    Failure   Level
a - Sandblast             Erth           36%        2d10      3%          1
b - Stone Arrow           Conj/Erth      22%        3d8       17%         3

Your spell library contained the following spells:

 Spells                   Type           Power      Damage    Failure   Level
 Passwall                 Tmut/Erth      12%        N/A       6%          2
 Slow                     Hex            8%         N/A       16%         1
 Petrify                  Tmut/Erth      15%        N/A       38%         4
 Confusing Touch          Hex            2%         N/A       43%         3
 Vampiric Draining        Necr           2%         2d6       43%         3


Dungeon Overview and Level Annotations

Branches:
Dungeon (4/15)
 Temple: D:4-7

Altars:

Shops:
D:3 ?


Innate Abilities, Weirdness & Mutations

Your natural rate of healing is accelerated.
You have razor-sharp teeth.
You have supernaturally acute eyesight. (SInv)
You are afflicted with vampirism and can become a bat while bloodless.


Message History

Casting: Sandblast (safe; 3% risk of failure)
Confirm with . or Enter, or press ? or * to list all spells.
Aiming: Sandblast (safe; 3% risk of failure)
Press: ? - help, Shift-Dir - straight line, f - orc
Aim: an orc, wielding a +3 flail of protection, wearing a +0 leather armour and quivering stones (79% to hit)
The blast of sand hits the orc but does no damage.
The orc drinks a potion.
The orc goes berserk!
Casting: Sandblast (safe; 3% risk of failure)
Confirm with . or Enter, or press ? or * to list all spells.
Aiming: Sandblast (safe; 3% risk of failure)
Press: ? - help, Shift-Dir - straight line, f/p - orc
Aim: an orc, wielding a +3 flail of protection, wearing a +0 leather armour and quivering stones (berserk, 79% to hit)
The blast of sand hits the orc but does no damage.
Casting: Sandblast (safe; 3% risk of failure)
Confirm with . or Enter, or press ? or * to list all spells.
Aiming: Sandblast (safe; 3% risk of failure)
Press: ? - help, Shift-Dir - straight line, f/p - orc
Aim: an orc, wielding a +3 flail of protection, wearing a +0 leather armour and quivering stones (berserk, 79% to hit)
The blast of sand hits the orc but does no damage.
The orc closely misses you.
Casting: Sandblast (safe; 3% risk of failure)
Confirm with . or Enter, or press ? or * to list all spells.
Aiming: Sandblast (safe; 3% risk of failure)
Press: ? - help, Shift-Dir - straight line, f/p - orc
Aim: an orc, wielding a +3 flail of protection, wearing a +0 leather armour and quivering stones (berserk, 79% to hit)
You miscast Sandblast.
You are very lightly contaminated with residual magic.
Nothing appears to happen.
The orc hits you with a +3 flail of protection!
Unknown command.
The orc hits you with a +3 flail of protection!
The orc barely misses you. The orc hits you but does no damage.
Your magical contamination has completely faded away.
The orc hits you with a +3 flail of protection!
* * * LOW HITPOINT WARNING * * *
The orc misses you. The orc barely misses you.
The orc hits you with a +3 flail of protection!
You die...

...........<......
..#######...######
###...### #.......#
#.#...#.# ## #.#...#.# #.
..#...#.# #. #..#o###.#
##. ###..#@###.#
..............#
#.##.#....###.#
#.##.#....###.#####
#..)..............# #
#.##.#....##..###.#
#.##.##.#.....#..# #.#
#.....).)........###.#####
####)####........#.......#


You could see an orc (berserk).

Vanquished Creatures
  A hound (D:4)
  An orc priest (D:4)
  A centaur skeleton (D:4)
  An orc wizard (D:4)
  4 gnolls (D:4)
  3 adders
  A worm (D:2)
  2 dart slugs (D:2)
  7 orcs (D:4)
  3 bats
  2 endoplasms
  2 giant cockroaches
  3 goblins
  8 hobgoblins
  3 jackals
  4 quokkas
  3 ball pythons
  4 frilled lizards
  3 kobolds
  5 rats
61 creatures vanquished.

Vanquished Creatures (others)
  A plant (D:1)
1 creature vanquished.

Grand Total: 62 creatures vanquished

Notes
Turn   | Place    | Note
-------+----------+-------------------------------------------
     0 | D:1      | timneilson the Vampire Earth Elementalist began the quest
                  | for the Orb.
     0 | D:1      | Reached XP level 1. HP: 13/13 MP: 3/3
   198 | D:1      | Found a faded altar of an unknown god.
   204 | D:1      | Reached XP level 2. HP: 19/19 MP: 1/5
   842 | D:2      | Gained mutation: You are afflicted with vampirism and can
                  | become a bat while bloodless. [Vampire growth]
   842 | D:2      | Reached XP level 3. HP: 25/25 MP: 2/6
  1097 | D:2      | Learned a level 3 spell: Stone Arrow
  1508 | D:3      | Reached XP level 4. HP: 24/31 MP: 2/7
  1752 | D:3      | Found Puteefag's Magic Scroll Shoppe.
  2135 | D:4      | Reached XP level 5. HP: 34/36 MP: 5/9
  2175 | D:4      | Reached skill level 1 in Fighting
  2382 | D:4      | Mangled by an orc

Illustrated notes

Levels and vault maps discovered:
D:1:      eino_arrival_druids_welcome, layout_rooms, serial_forest,
          infiniplex_forest_lined_3, infiniplex_forest_clump_small,
          infiniplex_forest_lined_3, infiniplex_forest_clump_small,
          infiniplex_forest_fountain, infiniplex_forest_clump_medium,
          infiniplex_forest_clump_tiny, infiniplex_forest_straight_2,
          infiniplex_forest_zigzag_1,
          hellmonk_ecumenical_altar_pennies_from_heaven
D:2:      minmay_skewed_foursquare, layout_rooms, chequers_serial_rivers_room_b
D:3:      layout_rooms, serial_shops, nicolae_shop_crystal
D:4:      layout_loops_cross

Skill      XL: |  1  2  3  4  5 |
---------------+----------------+-----
Transmutations | 2 |  2.4
Dodging        | 3 |  3.5
Fighting       | 1 |  1.1
Stealth        | 4 |  4.2
Earth Magic    | 4 |  4.0
Spellcasting   | |  2.9
Conjurations   | |  0.6
Evocations     | |  0.7

Action                   |  1- 3 |  4- 6 || total
-------------------------+-------+-------++-------
Melee: Unarmed           |    17 |       ||    17
       Bite              |     1 |     2 ||     3
       Dagger            |       |    59 ||    59
 Cast: Sandblast         |    51 |    29 ||    80
       Stone Arrow       |       |     2 ||     2
  Use: Scroll            |     5 |     4 ||     9
 Stab: Distracted        |       |     1 ||     1
Armor: Robe              |     2 |    11 ||    13
Dodge: Dodged            |    22 |    43 ||    65

Table legend: (Time is in decaauts)
 A = Elapsed time spent in this place.
 B = Non-inter-level travel time spent in this place.
 C = Inter-level travel time spent in this place.
 D = Time resting spent in this place.
 E = Time spent auto-exploring this place.
 F = Levels seen in this place.
 G = Mean time per level.
                   A        B        C        D        E       F      G
               +--------+--------+--------+--------+--------+-----+--------+
         Total |   2383 |   2349 |     34 |     87 |   1566 |   4 |  595.8 |
       Dungeon |   2383 |   2349 |     34 |     87 |   1566 |   4 |  595.8 |
               +--------+--------+--------+--------+--------+-----+--------+

Top non-repeatable levels by time:
     D:2: 783 daAuts
     D:1: 647 daAuts
     D:3: 627 daAuts
     D:4: 324 daAuts
